 Dungeon Crawl Stone Soup version 0.29.0-13-gc9e81de378 (webtiles) character file.

Game seed: 17264119824934750277

12315 NinjaNoafa the Cleaver (level 11, 0/92 HPs)
             Began as a Hill Orc Monk on Sept 8, 2022.
             Was a High Priest of Makhleb.
             Succumbed to a wolf spider's poison
             ... on level 3 of the Lair of Beasts.
             The game lasted 00:27:28 (10106 turns).

NinjaNoafa the Cleaver (Hill Orc Monk)             Turns: 10106, Time: 00:27:28

Health: 0/92       AC: 25    Str: 23    XL:     11   Next: 91%
Magic:  29/29      EV: 10    Int:  6    God:    Makhleb [*****.]
Gold:   489        SH:  6    Dex: 21    Spells: 10/10 levels left

rFire   + . .      SeeInvis .   n - +9 war axe "NinjaNoafa's Regret" {vorpal, Will+ Int-3 Dex+3}
rCold   + + .      Faith    .   k - +0 buckler
rNeg    . . .      Spirit   .   G - +2 plate armour {rC+}
rPois   +          Reflect  .   a - +2 helmet
rElec   +          Harm     .   d - +2 cloak
rCorr   +          Rampage  .   r - +2 pair of gloves
Will    +....                   (no boots)
Stlth   ..........              y - amulet of regeneration
HPRegen 1.05/turn               p - ring of magical power
MPRegen 0.21/turn               w - +6 ring of dexterity

@: lethally poisoned (0 -> -2), about to teleport, resistant
A: electricity resistance, strong 1
a: Renounce Religion, Minor Destruction, Lesser Servant of Makhleb, Major
Destruction, Greater Servant of Makhleb


You were on level 3 of the Lair of Beasts.
You worshipped Makhleb.
Makhleb was extremely pleased with you.
You visited 4 branches of the dungeon, and saw 17 of its levels.
You also visited: Bailey.

You collected 1151 gold pieces.
You spent 662 gold pieces at shops.

Inventory:

Hand Weapons
 n - the +9 war axe "NinjaNoafa's Regret" (weapon) {vorpal, Will+ Int-3 Dex+3}
   (You found it on level 2 of the Dungeon)

   It inflicts extra damage upon your enemies.
   Int:       It affects your intelligence (-3).
   Dex:       It affects your dexterity (+3).
   Will:      It increases your willpower.
Missiles
 f - 122 stones
 o - 21 boomerangs
 q - 2 curare-tipped darts
 s - 4 datura-tipped darts
 z - 3 throwing nets
 B - 12 poisoned darts
Armour
 a - a +2 helmet (worn)
 d - a +2 cloak (worn)
 k - a +0 buckler (worn)
 r - a +2 pair of gloves (worn)
 t - a scarf of resistance
 G - a +2 plate armour of cold resistance (worn)
Jewellery
 p - a ring of magical power (left hand)
 w - a +6 ring of dexterity (right hand)
 y - an amulet of regeneration (around neck)
 E - an amulet of the acrobat
Wands
 l - a wand of acid (9)
 v - a wand of mindburst (15)
 x - a wand of flame (13)
Scrolls
 e - 4 scrolls of fog
 h - 2 scrolls of poison
 j - 2 scrolls of teleportation
 u - 2 scrolls of identify
 A - 2 scrolls of vulnerability
Potions
 b - 3 potions of attraction
 i - 2 potions of flight
 m - 3 potions of haste
 D - a potion of brilliance


   Skills:
 + Level 7.4 Fighting
 - Level 13.0 Axes
 + Level 7.4 Armour
 - Level 7.0 Dodging
 - Level 1.5 Stealth
 - Level 5.0 Shields
 - Level 13.0 Invocations
 * Level 0.5 Evocations


You had 10 spell levels left.
You didn't know any spells.
Your spell library contained the following spells:

 Spells                   Type           Power      Damage    Failure   Level
 Apportation              Tloc           0%         N/A       100%        1
 Necrotise                Necr           0%         1d4       100%        1
 Sting                    Tmut/Pois      0%         1d3       100%        1
 Summon Small Mammal      Summ           0%         N/A       100%        1
 Ensorcelled Hibernation  Hex/Ice        0%         N/A       100%        2
 Poisonous Vapours        Pois/Air       0%         N/A       100%        2
 Gell's Gravitas          Tloc           0%         N/A       100%        3
 Lesser Beckoning         Tloc           0%         N/A       100%        3
 Spider Form              Tmut/Pois      0%         N/A       100%        3
 Teleport Other           Tloc           0%         N/A       100%        3
 Anguish                  Hex/Necr       0%         N/A       100%        4
 Animate Dead             Necr           0%         N/A       100%        4
 Hailstorm                Conj/Ice       0%         3d3       100%        4
 Ice Form                 Ice/Tmut       0%         N/A       100%        4
 Olgreb's Toxic Radiance  Pois           0%         N/A       100%        4
 Fireball                 Conj/Fire      0%         3d3       100%        5
 Simulacrum               Ice/Necr       0%         N/A       100%        6
 Starburst                Conj/Fire      0%         6d3       100%        6
 Haunt                    Necr/Summ      0%         N/A       100%        7
 Ignition                 Fire           0%         3d3       100%        8
 Infestation              Necr           0%         N/A       100%        8


Dungeon Overview and Level Annotations

Branches:
Dungeon (12/15)            Temple (1/1) D:6            Lair (3/5) D:9
    Orc (1/2) D:11         Bailey (visited)
  Swamp: Lair:2-3    Shoals: Lair:2-3     Snake: Lair:2-3    Spider: Lair:2-3

Altars:
Ashenzari
Cheibriados
Dithmenos
Elyvilon
Fedhas
Gozag
Hepliaklqana
Kikubaaqudgha
Makhleb
Nemelex Xobeh
Okawaru
Qazlal
Ru
Sif Muna
Trog
Uskayaw
Vehumet
Wu Jian
Xom
Yredelemnul
Zin
The Shining One

Shops:
D:3 =   D:4 *   D:5 [:(   D:11 ([


Innate Abilities, Weirdness & Mutations

You are resistant to electric shocks. (rElec)
Your muscles are strong. (Str +4, Int/Dex -1)


Message History

* * * LOW HITPOINT WARNING * * *
You are lethally poisoned!
The wolf spider poisons you!
The jumping spider leaps!
Okay, then.
As you read the scroll of teleportation, it crumbles to dust.
You feel strangely unstable.
* * * LOW HITPOINT WARNING * * *
You feel extremely sick. You block the wolf spider's attack.
The wolf spider bites you but does no damage.
The wolf spider hits you but does no damage.
The wolf spider bites you but does no damage.
You feel protected.
* * * LOW HITPOINT WARNING * * *
You feel very sick. You block the wolf spider's attack.
The wolf spider bites you but does no damage.
Unknown command.
Found 8 stones.
Your surroundings suddenly seem different.
* * * LOW HITPOINT WARNING * * *
You feel very sick.
There is a lethal amount of poison in your body!
Okay, then.
Okay, then.
* * * LOW HITPOINT WARNING * * *
You feel very sick.
Okay, then.
Okay, then.
Okay, then.
There is a lethal amount of poison in your body!
There is a lethal amount of poison in your body!
* * * LOW HITPOINT WARNING * * *
You feel very sick.
* * * LOW HITPOINT WARNING * * *
You feel very sick.
Okay, then.
As you read the scroll of teleportation, it crumbles to dust.
You feel strangely unstable.
You die...

## .. #. ..P .##
#. ######...#
....##. #........#
.......##.......##
.......@........#
.....P.##.......#
....##. ##P.##.##
### #. #..# #.. ..
..... ... ..
...... .. ...
...... ... ....


There were no monsters in sight!

Vanquished Creatures
  A two-headed ogre (D:10)
  A manticore (D:9)
  A cyclops (D:11)
  Joseph (D:8)
  A cane toad (Lair:2)
  Maggie (D:7)
  A gargoyle (D:11)
  Psyche (D:8)
  2 trolls
  A hornet (Lair:2)
  Sigmund (D:5)
  9 yaks
  2 wyverns
  A basilisk (Lair:2)
  Eustachio (D:4)
  A redback (Lair:2)
  2 steam dragons
  2 wargs
  Edmund (D:4)
  An acid dragon (D:11)
  7 water moccasins
  6 orc warriors
  A black bear (D:5)
  2 ice beasts
  A sky beast (D:6)
  3 centaurs
  An ogre (D:5)
  3 kobold brigands (Bailey)
  7 bullfrogs
  A gnoll sergeant (D:9)
  3 scorpions
  9 wights
  25 killer bees
  2 electric eels
  A howler monkey (D:11)
  3 jellies
  4 hounds
  4 orc priests
  2 iguanas
  12 orc wizards
  Ijyb (D:5)
  Robin (D:4)
  4 gnolls (D:9)
  12 adders
  4 river rats (D:6)
  A shadow imp (D:7)
  3 white imps
  An ufetubus (D:5)
  2 worms
  2 dart slugs
  34 orcs
  8 ball pythons
  5 bats
  6 endoplasms
  5 giant cockroaches
  13 goblins
  12 hobgoblins
  8 jackals (D:4)
  17 kobolds
  7 quokkas
  A frilled lizard (D:3)
  6 rats
282 creatures vanquished.

Vanquished Creatures (collateral kills)
  A komodo dragon (Lair:2)
  A yak (Lair:2)
  An electric eel (Lair:2)
  Crazy Yiuf (D:5)
4 creatures vanquished.

Vanquished Creatures (others)
  7 fungi
  72 plants
79 creatures vanquished.

Grand Total: 365 creatures vanquished

Notes
Turn   | Place    | Note
-------+----------+-------------------------------------------
     0 | D:1      | NinjaNoafa the Hill Orc Monk began the quest for the Orb.
     0 | D:1      | Reached XP level 1. HP: 19/19 MP: 1/1
   129 | D:1      | Reached XP level 2. HP: 15/27 MP: 2/2
   366 | D:1      | Reached skill level 1 in Armour
   776 | D:1      | Reached XP level 3. HP: 33/33 MP: 3/3
  1219 | D:2      | Reached XP level 4. HP: 25/41 MP: 4/4
  1237 | D:2      | Identified the +9 war axe "NinjaNoafa's Regret" {vorpal,
                  | Will+ Int-3 Dex+3}
  1459 | D:2      | Reached skill level 5 in Axes
  1675 | D:2      | Found a faded altar of an unknown god.
  2351 | D:3      | Reached skill level 5 in Fighting
  2360 | D:3      | Found Poygoyff's Jewellery Shop.
  2530 | D:3      | Reached XP level 5. HP: 48/48 MP: 5/5
  2535 | D:3      | Found a shimmering blue altar of Sif Muna.
  2884 | D:4      | Reached XP level 6. HP: 42/56 MP: 6/6
  2887 | D:4      | Reached skill level 5 in Armour
  2906 | D:4      | Found an opulent altar of Gozag.
  3109 | D:4      | Found an ornate altar of the Wu Jian Council.
  3111 | D:4      | Found an ancient bone altar of Kikubaaqudgha.
  3114 | D:4      | Found a burning altar of Makhleb.
  3118 | D:4      | Became a worshipper of Makhleb the Destroyer
  3118 | D:4      | Reached * piety under Makhleb
  3118 | D:4      | Reached ** piety under Makhleb
  3271 | D:4      | Noticed Edmund
  3273 | D:4      | Noticed Robin
  3292 | D:4      | Killed Edmund
  3293 | D:4      | Reached XP level 7. HP: 27/61 MP: 6/8
  3298 | D:4      | Killed Robin
  3329 | D:4      | Found Yno Vitu's Overcharged Wands.
  3339 | D:4      | Noticed Eustachio
  3343 | D:4      | Gained mutation: You are resistant to electric shocks.
                  | (rElec) [potion of mutation]
  3343 | D:4      | Gained mutation: Your muscles are strong. (Str +4, Int/Dex
                  | -1) [potion of mutation]
  3354 | D:4      | Killed Eustachio
  3473 | D:5      | Entered Level 5 of the Dungeon
  3473 | D:5      | Noticed Sigmund
  3478 | D:5      | Killed Sigmund
  3533 | D:5      | Reached skill level 5 in Invocations
  3533 | D:5      | Reached XP level 8. HP: 68/68 MP: 11/11
  3547 | D:5      | Found Uvotoeps's Book Shoppe.
  3712 | D:5      | Found Zattali's Antique Weapon Shop.
  3858 | D:5      | Noticed Ijyb
  3866 | D:5      | Killed Ijyb
  3935 | D:5      | Reached *** piety under Makhleb
  4100 | D:5      | Found Puach's Antique Armour Shop.
  4111 | D:5      | Bought a spiked leather armour for 182 gold pieces
  4111 | D:5      | Identified the +1 leather armour of Shielding {rF+ Regen+}
                  | (You bought it in a shop on level 5 of the Dungeon)
  4359 | D:5      | Found a runed translucent door.
  4360 | D:5      | Noticed Crazy Yiuf
  4367 | D:5      | Killed Crazy Yiuf
  4479 | D:6      | Found a basalt altar of Yredelemnul.
  4627 | D:6      | Found a snail-covered altar of Cheibriados.
  4725 | D:6      | Found a staircase to the Ecumenical Temple.
  4774 | Temple   | Entered the Ecumenical Temple
  4983 | D:6      | Reached XP level 9. HP: 60/60 MP: 15/15
  5005 | D:6      | Found a basalt altar of Yredelemnul.
  6004 | D:7      | Found a bloodstained altar of Trog.
  6055 | D:7      | Found a flagged portal.
  6096 | Bailey   | Entered a bailey
  6115 | Bailey   | Reached skill level 5 in Dodging
  6115 | Bailey   | Reached skill level 10 in Invocations
  6169 | Bailey   | Found a burning altar of Makhleb.
  6236 | D:7      | Noticed Maggie
  6254 | D:7      | Killed Maggie
  6537 | D:7      | Reached XP level 10. HP: 83/83 MP: 18/18
  6735 | D:8      | Noticed Psyche
  6746 | D:8      | Killed Psyche
  6888 | D:8      | Reached **** piety under Makhleb
  6982 | D:8      | Found a sacrificial altar of Ru.
  7011 | D:8      | Noticed Joseph
  7025 | D:8      | Killed Joseph
  7322 | D:8      | Found a shadowy altar of Dithmenos.
  7750 | D:9      | Reached skill level 1 in Shields
  7803 | D:9      | Found a staircase to the Lair.
  7803 | D:9      | Noticed a manticore
  8056 | D:10     | Entered Level 10 of the Dungeon
  8056 | D:10     | Noticed a two-headed ogre
  8071 | D:10     | Found a glowing golden altar of the Shining One.
  8076 | D:10     | Killed a two-headed ogre
  8077 | D:10     | Reached skill level 5 in Shields
  8267 | D:10     | Reached XP level 11. HP: 92/92 MP: 19/19
  8431 | D:11     | Noticed a cyclops
  8574 | D:9      | Reached skill level 10 in Axes
  8606 | D:9      | Killed a manticore
  8616 | D:9      | Reached ***** piety under Makhleb
  8916 | D:11     | Found Ceutz's Armour Emporium.
  8926 | D:11     | Found a staircase to the Orcish Mines.
  8935 | D:11     | Bought a +2 plate armour of cold resistance for 480 gold
                  | pieces
  8940 | Orc:1    | Entered Level 1 of the Orcish Mines
  8940 | Orc:1    | Noticed an orc knight
  8958 | D:11     | Found Ynofetai's Weapon Emporium.
  9080 | D:11     | Killed a cyclops
  9532 | D:12     | Noticed a fire giant
  9532 | D:12     | Noticed a boulder beetle
  9533 | D:12     | Noticed a cyclops
  9534 | D:12     | Noticed a cyclops
  9536 | D:12     | Noticed a boulder beetle
  9537 | D:12     | Noticed a cyclops
  9550 | D:12     | Noticed a deep elf pyromancer
  9645 | Lair:1   | Entered Level 1 of the Lair of Beasts
  9766 | Lair:1   | Noticed a death yak
  9768 | Lair:1   | Noticed a death yak
  9769 | Lair:1   | Noticed a death yak
  9799 | Lair:2   | Paralysed by a hornet for 2 turns
 10088 | Lair:2   | Noticed a wolf spider
 10090 | Lair:2   | Noticed a wolf spider
 10104 | Lair:3   | HP: 3/92 [poisoned by a wolf spider]
 10105 | Lair:3   | HP: 1/92 [poisoned by a wolf spider]
 10106 | Lair:3   | Succumbed to a wolf spider's poison

Illustrated notes

Levels and vault maps discovered:
D:1:      dpeg_arrival_windows_large_door, layout_rooms
D:2:      layout_basic, shapermc_ecumenical_altar_mp_ritualfount
D:3:      layout_loops_corners, kennysheep_orc_sif_temple, serial_shops,
          nicolae_shop_crystal
D:4:      layout_basic, grunt_temple_overflow_diamond, grunt_gozag_breadcrumbs,
          nicolae_shop_overcharged_wands, uniq_edmund, uniq_eustachio,
          uniq_robin
D:5:      layout_basic, serial_shops, nicolae_shop_advertising_works
          [nicolae_subvault_shop_adworks], nicolae_lakefront_shop,
          nicolae_stop_n_shop_1, kennysheep_cluttered_room, minmay_misc_feat_x,
          corexii_shack, uniq_crazy_yiuf_cottage, uniq_sigmund, uniq_ijyb
D:6:      wad_woods_stonehenge, layout_basic, mainiacjoe_overflow_brackets,
          slow_altar_1, serial_co_window_serial, co_window_corner_a,
          co_window_corner_a, co_window_corner_a, co_window_paths_b,
          co_window_of_opportunity_a, co_window_of_opportunity_b,
          co_window_broadway_c, co_window_corner_b, co_window_corner_ca,
          co_window_4corner_b, glass_columns_b, glass_columns_a
D:7:      layout_loops_ring, mainiacjoe_overflow_boulevard, enter_bailey_2,
          chequers_garden, uniq_maggie
D:8:      layout_loops_ring, lemuel_crystal_altar, kennysheep_mini,
          minivault_14, uniq_psyche, uniq_joseph
D:9:      layout_basic, erik_lair_orcish_takeover
D:10:     layout_rooms, mainiacjoe_overflow_cross_hatched
D:11:     layout_long_grid, orc_david_3, serial_shops,
          nicolae_shop_bloodbath_and_beyond
D:12:     layout_cave_pools, serial_shops, nicolae_lakefront_shop,
          onia_ninara_dug_in_and_dangerous, uniq_urug
Temple:   bh_familiar_temple
Lair:1:   layout_misc_corridors
Lair:2:   layout_chaotic_city, minmay_shoals_entry_beasts,
          spider_nest_entry_funnel_web, serial_bayou_ford_a,
          beast_lair_carwin_10, infiniplex_staircase_pool
Lair:3:   layout_regular_city
Orc:1:    layout_caves, uniq_erica

Skill      XL: |  1  2  3  4  5  6  7  8  9 10 11 |
---------------+----------------------------------+-----
Armour         | 1 2 4 5 7 |  7.4
Fighting       | 4 5 6 7 |  7.4
Axes           | 5 6 8 9 13 | 13.0
Invocations    | 2 5 8 11 13 | 13.0
Dodging        | 3 5 7 |  7.0
Shields        | 5 |  5.0
Stealth        | |  1.5
Evocations     | |  0.5

Action                   |  1- 3 |  4- 6 |  7- 9 | 10-12 || total
-------------------------+-------+-------+-------+-------++-------
Melee: Hand axe          |   115 |     2 |       |       ||   117
       Punch             |     1 |     1 |       |       ||     2
       War axe           |       |    97 |   136 |   315 ||   548
Throw: Boomerang         |       |    10 |       |       ||    10
Invok: Minor Destruction |       |       |    46 |    27 ||    73
       Lesser Servant of |       |       |     2 |     3 ||     5
       Major Destruction |       |       |       |     1 ||     1
Evoke: Wand              |       |       |       |     3 ||     3
  Use: Potion            |     2 |     5 |    10 |    10 ||    27
       Scroll            |       |       |    20 |     6 ||    26
 Stab: Sleeping          |       |       |     1 |       ||     1
Armor: Leather armour    |     8 |       |    68 |   113 ||   189
       Ring mail         |    12 |       |       |       ||    12
       Scale mail        |    31 |    50 |    21 |       ||   102
       Plate armour      |       |       |       |    70 ||    70
       Skin              |       |       |       |    14 ||    14
Dodge: Dodged            |    82 |    61 |   134 |   257 ||   534
Block: Buckler           |       |       |       |    88 ||    88
